 Dungeon Crawl Stone Soup version 0.23.1 (webtiles) character file.

Game seed: 2950939215325952036

10630 dengdeng the Carver (level 11, -3/97 HPs)
             Began as a Hill Orc Berserker on Mar 14, 2019.
             Was a High Priest of Trog.
             Slain by a yak (5 damage)
             ... on level 11 of the Dungeon.
             The game lasted 00:54:41 (12539 turns).

dengdeng the Carver (Hill Orc Berserker)           Turns: 12539, Time: 00:54:42

Health: -3/97      AC: 36    Str: 24    XL:     11   Next: 65%
Magic:  11/11      EV:  6    Int:  7    God:    Trog [*****.]
Gold:   731        SH:  0    Dex: 10    Spells: 10/10 levels left

rFire    . . .     SeeInvis .   Z - +2 triple sword (protect)
rCold    + . .     Gourm    .   (shield currently unavailable)
rNeg     . . .     Faith    +   d - +1 crystal plate armour
rPois    .         Spirit   .   K - +0 helmet
rElec    .         Reflect  .   (no cloak)
rCorr    +         Harm     .   B - +2 pair of gloves
MR       .....                  M - +1 pair of boots {run}
Stlth    ..........             i - amulet of faith
HPRegen  0.26/turn              T - ring of protection from cold
MPRegen  0.12/turn              S - ring of resist corrosion

@: protection aura, quick
A: no striking features
a: Berserk, Trog's Hand, Brothers in Arms, Renounce Religion


You were on level 11 of the Dungeon.
You worshipped Trog.
Trog was extremely pleased with you.
You were not hungry.

You visited 1 branch of the dungeon, and saw 11 of its levels.
You also visited: Sewer and Bailey.

You collected 731 gold pieces.

Inventory:

Hand Weapons
 U - a +1 war axe of venom
 X - a +1 demon trident of flaming
 Z - a +2 triple sword of protection (weapon)
Missiles
 W - 7 tomahawks (quivered)
 Y - 54 stones
Armour
 d - a +1 crystal plate armour (worn)
 B - a +2 pair of gloves (worn)
 K - a +0 helmet (worn)
 M - a +1 pair of boots of running (worn)
Jewellery
 i - an amulet of faith (around neck)
 A - an uncursed ring of protection from fire
 S - a ring of resist corrosion (right hand)
 T - a ring of protection from cold (left hand)
Wands
 b - a wand of disintegration (17)
 G - a wand of flame (18)
Scrolls
 a - a scroll of enchant armour {unknown}
 e - 7 scrolls of identify
 m - 5 scrolls of remove curse
 n - 2 scrolls of random uselessness {unknown}
 o - 2 scrolls of blinking {unknown}
 q - a scroll of amnesia {unknown}
 r - 4 scrolls of immolation {unknown}
 v - 2 scrolls of fear {unknown}
 y - 2 scrolls of magic mapping {unknown}
 z - 3 scrolls of fog {unknown}
 C - 2 scrolls of teleportation {unknown}
 H - a scroll of vulnerability {unknown}
 I - a scroll of enchant weapon {unknown}
 O - a scroll of acquirement {unknown}
 P - 2 scrolls of noise {unknown}
Potions
 f - 2 potions of might {unknown}
 g - 2 potions of agility {unknown}
 h - 3 potions of curing {unknown}
 j - 2 potions of magic {unknown}
 k - 2 potions of lignification {unknown}
 t - 4 potions of flight {unknown}
 u - 2 potions of mutation {unknown}
 w - 2 potions of invisibility {unknown}
 x - a potion of haste {unknown}
 J - 2 potions of brilliance {unknown}
 L - a potion of ambrosia {unknown}
 Q - a potion of cancellation {unknown}
 R - 2 potions of degeneration {unknown}
Comestibles
 c - 21 rations
 V - 8 chunks of flesh


   Skills:
 + Level 9.2 Fighting
   Level 0.8(6.5) Short Blades
 + Level 11.1 Long Blades
 + Level 10.0(10.3) Axes
 + Level 2.9(6.1) Polearms
 + Level 3.3 Throwing
 + Level 10.5 Armour
 + Level 2.7 Dodging
 + Level 1.0 Stealth


You had 10 spell levels left.
You didn't know any spells.
Your spell library was empty.

Dungeon Overview and Level Annotations

Branches:
Dungeon (11/15)            Temple (0/1) D:6            Lair (0/6) D:11
    Orc: D:9-12

Altars:
Ashenzari
Cheibriados
Fedhas
Hepliaklqana
Kikubaaqudgha
Okawaru
Ru
Trog
Uskayaw
Xom
Yredelemnul
The Shining One

Annotations:
D:10 exclusion: orange crystal statue


Message History

The warg bites you but does no damage. The yak barely misses you.
The yak gores you but does no damage. The yak gores you.
* * * LOW HITPOINT WARNING * * *
The yak gores you!
* * * LOW HITPOINT WARNING * * *
Your crystal plate armour prevents you from hitting the yak.
The yak is almost dead.
You recover from your berserk rage.
The warg bites you but does no damage. The yak gores you but does no damage.
The yak gores you!
* * * LOW HITPOINT WARNING * * *
The yak gores you but does no damage. x2; The warg completely misses you.
Unknown command.
Unknown command.
You hit the yak.
The yak is almost dead.
The warg barely misses you.
The yak gores you but does no damage. x4
The yak completely misses you. The warg bites you but does no damage.
The yak gores you.
You die...

# ####...
####...#.. #
#.... #####.#.#.#
# #....
.|......#.# #
##....#####...#.#
. #.......#.#
####.####....#
... #..'....#
###.##.##....#
#..Y@Y####...#
#....YYh).##...#
#...P..Yo...#...#
.........P....#.#
......>.......#.#
.............##.#
#.......P...##
##.........##


You could see 5 yaks, a warg and an orc.

Vanquished Creatures
  Harold (D:7)
  2 two-headed ogres (D:9)
  Pikel (D:8)
  Psyche (D:8)
  A troll (D:8)
  A hippogriff (D:9)
  3 wyverns
  9 yaks (D:11)
  2 wargs (D:11)
  5 orc warriors
  An ice beast (D:7)
  2 sky beasts
  2 black bears
  2 phantoms
  2 necrophages
  2 eyes of draining (D:4)
  3 ogres
  5 centaurs
  A crocodile (Sewer)
  11 bullfrogs
  3 scorpions
  14 wights
  A howler monkey (D:5)
  7 crimson imps
  A centaur zombie (D:9)
  7 hounds
  A centaur skeleton (D:11)
  A gnoll shaman (D:6)
  2 jellies
  7 orc priests
  3 bullfrog skeletons
  3 iguanas
  Natasha (thrice) (D:2)
  Terence (D:2)
  7 worker ants
  9 orc wizards
  2 hound zombies
  2 hound skeletons
  15 gnolls
  2 howler monkey skeletons
  9 adders
  3 shadow imps
  An ooze (D:1)
  2 adder skeletons
  An adder zombie (D:6)
  A worm (D:4)
  3 dart slugs
  5 leopard geckos
  61 orcs
  8 giant cockroaches
  5 goblins
  7 hobgoblins
  17 jackals
  3 quokkas
  7 bats
  2 frilled lizards (D:1)
  8 kobolds
  A quokka skeleton (D:9)
  11 rats
  A spectral orc (D:5)
304 creatures vanquished.

Vanquished Creatures (others)
  A bullfrog (D:8)
  A scorpion (D:8)
  A worker ant (D:9)
  A leopard gecko (D:6)
  3 plants (D:10)
7 creatures vanquished.

Grand Total: 311 creatures vanquished

Notes
Turn   | Place    | Note
-------+----------+-------------------------------------------
     0 | D:1      | dengdeng the Hill Orc Berserker began the quest for the
                  | Orb.
     0 | D:1      | Reached XP level 1. HP: 19/19 MP: 1/1
   282 | D:1      | Reached XP level 2. HP: 9/27 MP: 2/2
   868 | D:1      | Reached XP level 3. HP: 30/33 MP: 3/3
  1127 | D:2      | Reached ** piety under Trog
  1212 | D:2      | Reached XP level 4. HP: 23/40 MP: 4/4
  1374 | D:2      | Noticed Terence
  1384 | D:2      | Killed Terence
  1384 | D:2      | Reached skill level 5 in Axes
  1502 | D:2      | Noticed Natasha
  1513 | D:2      | Killed Natasha
  1513 | D:2      | Reached XP level 5. HP: 47/47 MP: 5/5
  1691 | D:2      | Noticed Natasha
  1706 | D:2      | Killed Natasha
  1805 | D:2      | Noticed Natasha
  1811 | D:2      | Killed Natasha
  2036 | D:3      | Reached XP level 6. HP: 47/53 MP: 6/6
  2054 | D:3      | Found a hide-covered altar of Uskayaw.
  2391 | D:3      | Reached *** piety under Trog
  2493 | D:3      | Found a glowing drain.
  2508 | Sewer    | Entered a sewer
  3395 | D:4      | Identified Daixt's Disquisition on Sinister Creation
  3422 | D:4      | Reached skill level 5 in Armour
  3521 | D:4      | Reached XP level 7. HP: 47/60 MP: 7/7
  3602 | D:4      | Found a bloodstained altar of Trog.
  3632 | D:4      | Reached skill level 5 in Fighting
  4213 | D:4      | Reached **** piety under Trog
  4534 | D:4      | Reached XP level 8. HP: 68/69 MP: 8/8
  4580 | D:5      | Entered Level 5 of the Dungeon
  4647 | D:5      | Found a basalt altar of Yredelemnul.
  4729 | D:5      | You fall through a shaft for 2 floors!
  5136 | D:7      | Reached skill level 1 in Throwing
  5770 | D:7      | Found a shattered altar of Ashenzari.
  6032 | D:6      | Reached XP level 9. HP: 53/78 MP: 9/9
  6240 | D:6      | Reached skill level 10 in Axes
  6243 | D:6      | Reached skill level 1 in Long Blades
  6418 | D:6      | Reached skill level 2 in Long Blades
  6626 | D:6      | Found a blossoming altar of Fedhas.
  6693 | D:6      | Reached skill level 3 in Long Blades
  6703 | D:6      | Reached ***** piety under Trog
  6822 | D:6      | Reached skill level 4 in Long Blades
  7207 | D:6      | Found a staircase to the Ecumenical Temple.
  7361 | D:5      | Found a shimmering altar of Xom.
  7364 | D:5      | Found a shimmering altar of Xom.
  7376 | D:5      | Found a shimmering altar of Xom.
  7385 | D:5      | Found a shimmering altar of Xom.
  7883 | D:7      | Reached skill level 5 in Long Blades
  7912 | D:7      | Found a hazy altar of Hepliaklqana.
  7912 | D:7      | Noticed Harold
  7924 | D:7      | Killed Harold
  7924 | D:7      | Reached skill level 7 in Long Blades
  7924 | D:7      | Reached XP level 10. HP: 58/86 MP: 10/10
  8109 | D:7      | Found an ancient bone altar of Kikubaaqudgha.
  8354 | D:8      | Found a snail-covered altar of Cheibriados.
  8670 | D:8      | Noticed Pikel
  8673 | D:8      | Noticed Psyche
  8677 | D:8      | Killed Pikel
  8677 | D:8      | Reached skill level 8 in Long Blades
  8680 | D:8      | Killed Psyche
  8779 | D:8      | Found a sacrificial altar of Ru.
  8891 | D:8      | Reached skill level 9 in Long Blades
  8912 | D:8      | Found an iron altar of Okawaru.
  9330 | D:9      | Noticed a two-headed ogre
  9337 | D:9      | Killed a two-headed ogre
  9337 | D:9      | Reached skill level 1 in Stealth
  9406 | D:9      | Found a flagged portal.
  9442 | D:9      | Reached skill level 10 in Long Blades
  9442 | D:9      | Reached XP level 11. HP: 95/95 MP: 11/11
  9601 | Bailey   | Entered a bailey
  9678 | Bailey   | Received a gift from Trog
 10777 | Bailey   | Got a brightly glowing rapier
 10792 | Bailey   | Identified a +1 pair of boots of running (You found it in a
                  | bailey)
 10792 | Bailey   | Identified the cursed +1 rapier of Ceotise {flame, Str+2}
                  | (You found it in a bailey)
 11090 | D:9      | Reached skill level 10 in Armour
 11090 | D:9      | Noticed a two-headed ogre
 11108 | D:9      | Killed a two-headed ogre
 11323 | D:9      | Found a glowing golden altar of the Shining One.
 11553 | D:10     | Entered Level 10 of the Dungeon
 11701 | D:10     | Noticed an orange crystal statue
 12147 | D:11     | Reached skill level 1 in Polearms
 12170 | D:11     | Received a gift from Trog
 12506 | D:11     | Found a staircase to the Lair.
 12514 | D:11     | Reached skill level 11 in Long Blades
 12538 | D:11     | HP: 1/97 [yak (9)]
 12539 | D:11     | Slain by a yak

Skill      XL: |  1  2  3  4  5  6  7  8  9 10 11 |
---------------+----------------------------------+-----
Fighting       | 4 5 6 7 8 9 |  9.2
Armour         | 3 4 5 7 8 9 10 | 10.5
Axes           | 5 6 7 8 9 10 | 10.0
Dodging        | 2 |  2.7
Throwing       | 1 3 |  3.3
Long Blades    | 7 10 11 | 11.1
Stealth        | 1 |  1.0
Polearms       | 2 |  2.9
Short Blades   | |  0.8

Action                   |  1- 3 |  4- 6 |  7- 9 | 10-12 || total
-------------------------+-------+-------+-------+-------++-------
Melee: Hand axe          |   105 |   234 |   320 |       ||   659
       Great sword       |       |       |   152 |   198 ||   350
       Triple sword      |       |       |       |   111 ||   111
       Demon trident     |       |       |       |    83 ||    83
       Rapier            |       |       |       |    17 ||    17
Throw: Stone             |    10 |     4 |     3 |   508 ||   525
       Tomahawk          |       |       |     5 |    12 ||    17
Invok: Berserk           |     1 |     3 |     4 |     4 ||    12
  Use: Scroll            |       |       |     1 |     1 ||     2
  Eat: Chunk             |     2 |    10 |    13 |    10 ||    35
       Ration            |       |       |     1 |     3 ||     4
Armor: Animal skin       |    26 |       |       |       ||    26
       Chain mail        |    35 |   149 |   256 |   162 ||   602
       Crystal plate arm |       |       |       |   395 ||   395
Dodge: Dodged            |    75 |   102 |   192 |   300 ||   669
       Rpst.: Great sword |       |       |    34 |    40 ||    74
       Triple sword      |       |       |       |    18 ||    18
